 Dungeon Crawl Stone Soup version 0.21.0 (webtiles) character file.

150711 hairmachine the Thaumaturge (level 17, -3/170 HPs)
             Began as a Gnoll Wanderer on Jan 7, 2018.
             Was a High Priest of Sif Muna.
             Shot with an arrow by a naga sharpshooter (15 damage)
             ... on level 4 of the Snake Pit.
             The game lasted 04:48:17 (46189 turns).

hairmachine the Thaumaturge (Gnoll Wanderer)       Turns: 46189, Time: 04:48:19

Health: -3/170     AC: 27    Str: 14    XL:     17   Next: 54%
Magic:  19/33      EV: 18    Int: 23    God:    Sif Muna [*****.]
Gold:   1557       SH: 12    Dex: 18    Spells: 3/40 levels left

rFire    + . .     SeeInvis .   s - +4 morningstar (flame)
rCold    + + .     Gourm    .   U - +0 buckler {rC+}
rNeg     + . .     Faith    .   (armour currently unavailable)
rPois    ∞         Spirit   .   n - +1 hat
rElec    +         Reflect  +   Z - scarf {rC+ rF+}
rCorr    .         Harm     .   (gloves currently unavailable)
MR       ++...                  (boots currently unavailable)
Stlth    +++++.....             R - +5 amulet of reflection
HPRegen  0.38/turn              z - +4 ring of intelligence
MPRegen  0.23/turn              G - ring of protection from magic

@: about to teleport, statue-form, very slightly contaminated, constricted,
studying Slings, invisible, divine energy, very slow
A: distributed training, fangs 1, strong nose
a: End Transformation, Stop Divine Energy, Channel Magic, Forget Spell, Renounce
Religion


You were on level 4 of the Snake Pit.
You worshipped Sif Muna.
Sif Muna was extremely pleased with you.
You were hungry.
You were a stone statue.
You visited 5 branches of the dungeon, and saw 28 of its levels.
You visited the Abyss 1 time.
You visited 1 bazaar.
You also visited: Ice Cave.

You collected 2273 gold pieces.
You spent 716 gold pieces at shops.

Inventory:

Hand Weapons
 a - a +1 dagger of electrocution
 b - a +1 trident of protection
 s - a +4 morningstar of flaming (weapon)
Missiles
 D - a throwing net (quivered)
Armour
 e - a +0 pair of boots (melded)
 n - a +1 hat (worn)
 P - a +0 troll leather armour (melded)
 U - a +0 buckler of cold resistance (worn)
 Z - a scarf of resistance (worn)
Jewellery
 k - an uncursed amulet of rage {unknown}
 z - a +4 ring of intelligence (left hand)
 G - a ring of protection from magic (right hand)
 Q - an uncursed ring of protection from cold
 R - a +5 amulet of reflection (around neck)
Wands
 m - a wand of iceblast (21)
 C - a wand of polymorph (49)
 L - a wand of flame (4)
 M - a wand of enslavement (26)
 V - a wand of acid (10)
Scrolls
 d - 7 scrolls of enchant weapon
 o - 2 scrolls of fear
 w - 6 scrolls of enchant armour
 x - 7 scrolls of magic mapping
 y - a scroll of amnesia
 F - a scroll of identify
 I - a scroll of immolation
 N - 3 scrolls of fog
 O - 10 scrolls of remove curse
 X - 4 scrolls of teleportation
Potions
 c - 4 potions of curing
 g - 7 potions of haste
 i - 3 potions of mutation
 l - 3 potions of brilliance
 p - a potion of degeneration {unknown}
 q - a potion of might
 t - 4 potions of flight
 E - 3 potions of cancellation
 H - 3 potions of lignification
 J - 4 potions of resistance
 K - 2 potions of invisibility
 T - a potion of magic {unknown}
 W - 2 potions of agility {unknown}
Books
 h - a manual of Slings
 j - Sif Muna's Disquisition on Hurtful Dark Rituals
   (Sif Muna gifted it to you on level 2 of the Orcish Mines)

   Spells                             Type                      Level
   a - Sublimation of Blood           Necromancy                   2
   b - Throw Icicle                   Conjuration/Ice              4
   c - Animate Dead                   Necromancy                   4
   d - Glaciate                       Conjuration/Ice              9
 S - Uneok's Guide on Attacks
   (Sif Muna gifted it to you in an ice cave)

   Spells                             Type                      Level
   a - Flame Tongue                   Conjuration/Fire             1
   b - Stone Arrow                    Conjuration/Earth            3
   c - Sticky Flame                   Conjuration/Fire             4
   d - Fireball                       Conjuration/Fire             5
   e - Orb of Destruction             Conjuration                  7
 Y - a book of Ice

   Spells                             Type                      Level
   a - Ice Form                       Ice/Transmutation            4
   b - Metabolic Englaciation         Hexes/Ice                    5
   c - Ozocubu's Refrigeration        Ice                          6
   d - Bolt of Cold                   Conjuration/Ice              6
   e - Freezing Cloud                 Conjuration/Ice/Air          6
   f - Simulacrum                     Ice/Necromancy               6
Miscellaneous
 r - a lightning rod (4/4)
 v - a lamp of fire
Comestibles
 f - 30 rations


   Skills:
 + Level 11.4 Fighting
 + Level 11.4 Short Blades
 + Level 11.4 Long Blades
 + Level 11.4 Axes
 + Level 11.4 Maces & Flails
 + Level 11.4 Polearms
 + Level 11.4 Staves
 + Level 11.7 Slings
 + Level 11.4 Bows
 + Level 11.4 Crossbows
 + Level 11.4 Throwing
 + Level 11.4 Armour
 + Level 11.4 Dodging
 + Level 11.6 Stealth
 + Level 11.4 Shields
 + Level 11.4 Unarmed Combat
 + Level 12.3 Spellcasting
 + Level 9.7 Conjurations
 + Level 9.7 Hexes
 + Level 9.7 Charms
 + Level 10.0 Summonings
 + Level 9.7 Necromancy
 + Level 9.7 Translocations
 + Level 10.4 Transmutations
 + Level 9.7 Fire Magic
 + Level 9.7 Ice Magic
 + Level 9.7 Air Magic
 + Level 9.7 Earth Magic
 + Level 11.0 Poison Magic
 + Level 12.3 Invocations
 + Level 11.7 Evocations


You had 3 spell levels left.
You knew the following spells:

 Your Spells              Type           Power        Failure   Level  Hunger
a - Sting                 Conj/Pois      ####         1%          1    None
b - Freezing Cloud        Conj/Ice/Air   ######....   12%         6    #####..
c - Mephitic Cloud        Conj/Pois/Air  ######..     1%          3    None
d - Olgreb's Toxic Radia  Pois           ######..     1%          4    None
e - Statue Form           Tmut/Erth      ######...    11%         6    #####..
f - Petrify               Tmut/Erth      ######..     1%          4    None
g - Summon Lightning Spi  Summ/Air       ######..     1%          4    None
h - Summon Mana Viper     Hex/Summ       ######..     1%          5    ###....
i - Throw Icicle          Conj/Ice       ######..     1%          4    None


Dungeon Overview and Level Annotations

Branches:
Dungeon (15/15)            Temple (1/1) D:7            Lair (6/6) D:11
 Shoals (0/4) Lair:2        Snake (4/4) Lair:4        Slime (0/5) Lair:5
    Orc (2/2) D:12            Elf (0/3) Orc:2        Vaults (0/5) D:14
 Depths (0/5) D:15

Altars:
Ashenzari
Cheibriados
Dithmenos
Elyvilon
Fedhas
Gozag
Hepliaklqana
Kikubaaqudgha
Makhleb
Nemelex Xobeh
Okawaru
Qazlal
Ru
Sif Muna
Trog
Uskayaw
Vehumet
Wu Jian
Xom
Yredelemnul
Zin
The Shining One
Beogh

Shops:
D:14 }   D:15 *   Orc:2 :*[*

Annotations:
D:3 loralnil's ghost, amateur VSTm
D:4 exclusion: downstairs
D:7 exclusion: downstairs
D:8 Squigly's ghost, novice DrVM
D:9 exclusion: downstairs
D:10 exclusion: downstairs
Lair:3 exclusion: oklob plant


Innate Abilities, Weirdness & Mutations

Your experience applies equally to all skills.
You have very sharp teeth.
Your uncanny sense of smell can sniff out nearby items.


Message History

The splash of poison hits you! You resist. The anaconda constricts you.
The naga spits poison at you. The splash of poison misses you.
You block the naga mage's attack.
The naga sharpshooter shoots an arrow.
You reflect the arrow off an invisible shield around you!
The arrow hits the naga sharpshooter!!
You hear a splash.
The anaconda hisses angrily.
As you read the scroll of teleportation, it crumbles to dust.
You feel strangely unstable. You block the anaconda's attack.
The anaconda constricts you. The naga mage barely misses you.
You block the naga's attack.
The naga prays for help.
The anaconda barely misses you.
* * * LOW HITPOINT WARNING * * *
The anaconda constricts you.
The naga mage hits you but does no damage.
The naga sharpshooter casts a spell.
The naga sharpshooter magically shoots an arrow.
The arrow hits you!
You die...

....(((....# #.......##
.###.(.....# #....####
.###....#.########.###
.....................#
...).(.........#####.#
.#...)........##...###
............###.###.#
............###)SN..##
.(.)......)..#..8N...#.
.............N.N≈N≈≈.'S..
(............'.≈≈≈≈≈.#...
.#)#.........'.≈≈≈≈≈.'...
.#..........(#.......#...
###...#..#.####..S..## ..
#...##)#.####.###.# .∆
###...##...##.##...##
.#.........##.######


You could see a naga sharpshooter, a sea snake (fleeing), an anaconda, a
guardian serpent (fleeing), a naga mage and 3 nagas.

Vanquished Creatures
  3 nagarajas
  Aizul (Snake:3)
  Nessos (D:15)
  A white draconian (IceCv)
  A blizzard demon (Abyss:3)
  A fire dragon (D:15)
  An ice dragon (D:15)
  2 centaur warriors (D:13)
  6 hydras
  6 naga warriors
  20 two-headed ogres
  8 anacondas
  6 shock serpents
  4 naga sharpshooters
  A sixfirhy (Abyss:3)
  A salamander mystic (Snake:3)
  2 deep trolls (Orc:2)
  4 skeletal warriors
  A large abomination (Abyss:3)
  A naga ritualist (Snake:4)
  A lindwurm (Lair:4)
  3 deep elf magi
  5 mana vipers
  4 ugly things
  3 orc sorcerers
  4 cyclopes
  4 manticores
  4 elephants (Lair:6)
  A guardian serpent (shapeshifter) (D:15)
  19 black mambas
  3 salamanders
  Psyche (D:8)
  3 naga magi
  A smoke demon (Abyss:3)
  7 spiny frogs
  5 guardian serpents
  The ghost of ThereIsNoGod the Covert, a novice OpAs (D:7)
  4 centaur skeletons
  6 rime drakes
  2 efreet (D:15)
  8 komodo dragons
  7 polar bears
  2 hornets
  9 trolls
  Prince Ribbit (D:5)
  32 blink frogs
  3 raiju (Abyss:3)
  19 hippogriffs
  A dream sheep (shapeshifter) (D:14)
  14 dream sheep (Lair:6)
  5 wraiths
  69 yaks
  Eustachio (D:6)
  5 redbacks (D:13)
  6 basilisks
  9 wyverns
  A spriggan (D:9)
  2 hogs (D:13)
  2 vampire mosquitoes (D:13)
  5 chaos spawn
  A warg (Orc:2)
  25 nagas
  A soldier ant (D:12)
  11 water moccasins
  6 porcupines
  2 black bears
  2 sky beasts
  3 ice beasts
  A small abomination (Abyss:3)
  13 orc warriors
  3 phantoms
  11 centaurs
  21 wolves
  22 ogres
  9 crocodiles
  A big kobold (D:9)
  24 bullfrogs
  A wyvern skeleton (D:8)
  3 scorpions
  15 wights
  7 killer bees
  6 howler monkeys
  2 electric eels (D:12)
  6 jellies
  7 crimson imps
  A bullfrog zombie (D:12)
  2 quasits
  4 centaur zombies
  4 hounds
  12 orc wizards
  2 bullfrog skeletons
  9 orc priests
  4 iguanas
  Ijyb (D:5)
  Natasha (thrice) (D:4)
  11 worker ants
  2 killer bee zombies
  A hound skeleton (D:8)
  A howler monkey zombie (D:10)
  8 gnolls
  12 adders
  5 shadow imps
  7 oozes
  An adder zombie (D:7)
  An adder skeleton (D:8)
  4 worms
  2 dart slugs
  6 leopard geckos
  59 orcs
  7 giant cockroaches
  11 goblins
  9 hobgoblins
  2 jackals (D:1)
  16 kobolds
  4 quokkas
  2 ball pythons
  11 bats
  9 frilled lizards
  A leopard gecko skeleton (D:7)
  A quokka skeleton (D:6)
  6 rats
797 creatures vanquished.

Vanquished Creatures (collateral kills)
  Saint Roka (Snake:3)
  Vashnia (Snake:3)
  Frances (D:14)
  Kirke (D:13)
  Donald (Snake:3)
  Roxanne (D:14)
  Louise (Snake:3)
  2 dire elephants (Lair:6)
  Josephine (D:13)
  3 ogre magi
  4 naga warriors
  An anaconda (Snake:2)
  A catoblepas (D:14)
  A centaur warrior (D:14)
  A death knight (D:15)
  5 two-headed ogres
  The ghost of Gigax the Martial Artist, a journeyman OpMo of Cheibriados (Lair:1)
  A death yak (IceCv)
  10 naga sharpshooters
  2 skeletal warriors (D:12)
  An unseen horror (D:13)
  3 mana vipers
  6 ugly things (D:15)
  3 salamanders
  A cyclops (D:15)
  2 black mambas (Snake:4)
  5 naga magi
  A gargoyle (D:13)
  A rime drake (IceCv)
  2 ice devils (D:15)
  2 polar bears (IceCv)
  A troll (Orc:2)
  3 blink frogs
  14 yaks
  2 redbacks (D:13)
  6 wraiths
  2 vampire mosquitoes (D:15)
  A hungry ghost (D:13)
  9 nagas
  11 orc warriors
  4 ogres (Orc:2)
  3 wolves (IceCv)
  A bullfrog (D:12)
  A howler monkey (D:13)
  7 orc priests
  A bullfrog skeleton (D:12)
  9 orc wizards
  2 gnolls (Orc:2)
  15 orcs
  A fungus (Lair:1)
160 creatures vanquished.

Vanquished Creatures (others)
  A merfolk impaler (Abyss:3)
  A centaur warrior (D:13)
  An ogre mage (D:14)
  An unseen horror (D:13)
  A polar bear (IceCv)
  5 dream sheep (Lair:5)
  A wolf (IceCv)
  7 centaurs
  A worker ant (D:13)
  An orc (Orc:2)
  2 bushes
  26 fungi
  40 plants
88 creatures vanquished.

Grand Total: 1045 creatures vanquished

Notes
Turn   | Place    | Note
-------+----------+-------------------------------------------
     0 | D:1      | hairmachine the Gnoll Wanderer began the quest for the Orb.
     0 | D:1      | hairmachine set off with: a Young Poisoner's Handbook, the Handbook of Snow, a potion of curing, a +0 robe, a +0 dagger, a ration
     0 | D:1      | Reached XP level 1. HP: 13/13 MP: 6/6
     0 | D:1      | Identified the Handbook of Snow
     2 | D:1      | Learned a level 1 spell: Sting
   213 | D:1      | Reached XP level 2. HP: 19/19 MP: 5/7
   252 | D:1      | Learned a level 2 spell: Poisonous Vapours
   759 | D:1      | Reached XP level 3. HP: 25/25 MP: 6/9
   812 | D:1      | Reached skill level 5 in Spellcasting
  1268 | D:1      | Reached skill level 1 in Invocations
  1978 | D:2      | Reached skill level 1 in Fighting
  1978 | D:2      | Reached skill level 1 in Short Blades
  1978 | D:2      | Reached skill level 1 in Long Blades
  1978 | D:2      | Reached skill level 1 in Axes
  1978 | D:2      | Reached skill level 1 in Maces & Flails
  1978 | D:2      | Reached skill level 1 in Polearms
  1978 | D:2      | Reached skill level 1 in Staves
  1978 | D:2      | Reached skill level 1 in Slings
  1978 | D:2      | Reached skill level 1 in Bows
  1978 | D:2      | Reached skill level 1 in Crossbows
  1978 | D:2      | Reached skill level 1 in Throwing
  1978 | D:2      | Reached skill level 1 in Armour
  1978 | D:2      | Reached skill level 1 in Dodging
  1978 | D:2      | Reached skill level 1 in Shields
  1978 | D:2      | Reached skill level 1 in Unarmed Combat
  1978 | D:2      | Reached XP level 4. HP: 28/32 MP: 8/11
  2037 | D:2      | Learned a level 3 spell: Mephitic Cloud
  2042 | D:2      | Learned a level 4 spell: Olgreb's Toxic Radiance
  2045 | D:2      | Learned a level 2 spell: Throw Frost
  2545 | D:2      | Reached skill level 1 in Conjurations
  2545 | D:2      | Reached skill level 1 in Hexes
  2545 | D:2      | Reached skill level 1 in Charms
  2545 | D:2      | Reached skill level 1 in Necromancy
  2545 | D:2      | Reached skill level 1 in Translocations
  2545 | D:2      | Reached skill level 1 in Fire Magic
  2545 | D:2      | Reached skill level 1 in Ice Magic
  2545 | D:2      | Reached skill level 1 in Air Magic
  2545 | D:2      | Reached skill level 1 in Earth Magic
  2923 | D:3      | Reached XP level 5. HP: 24/37 MP: 7/12
  3582 | D:3      | Reached XP level 6. HP: 44/44 MP: 5/13
  4255 | D:3      | Noticed loralnil's ghost (amateur VSTm)
  4340 | D:3      | Found a shadowy altar of Dithmenos.
  4772 | D:4      | Reached XP level 7. HP: 50/50 MP: 10/15
  5082 | D:4      | Noticed Natasha
  5105 | D:4      | Killed Natasha
  5191 | D:4      | Noticed Natasha
  5200 | D:4      | Killed Natasha
  5335 | D:4      | Noticed Natasha
  5342 | D:4      | Killed Natasha
  5390 | D:5      | Entered Level 5 of the Dungeon
  5623 | D:5      | Noticed Ijyb
  5630 | D:5      | Noticed Prince Ribbit
  5858 | D:5      | Killed Prince Ribbit
  6210 | D:5      | Killed Ijyb
  6314 | D:5      | Found a shadowy altar of Dithmenos.
  6695 | D:6      | Reached XP level 8. HP: 57/57 MP: 13/16
  7066 | D:6      | Learned a level 2 spell: Ensorcelled Hibernation
  7775 | D:6      | Noticed Eustachio
  7899 | D:6      | Killed Eustachio
  8402 | D:6      | Reached XP level 9. HP: 57/65 MP: 12/18
  8481 | D:6      | Reached skill level 5 in Transmutations
  9089 | D:7      | Noticed ThereIsNoGod's ghost (novice OpAs)
  9109 | D:7      | Killed ThereIsNoGod's ghost
  9109 | D:7      | Reached skill level 5 in Evocations
  9384 | D:7      | Reached skill level 5 in Stealth
  9832 | D:7      | Found a staircase to the Ecumenical Temple.
  9873 | Temple   | Entered the Ecumenical Temple
  9952 | Temple   | Became a worshipper of Sif Muna the Loreminder
 10225 | D:8      | Noticed Squigly's ghost (novice DrVM)
 10457 | D:8      | Reached skill level 5 in Invocations
 10699 | D:8      | Got a pitted ring mail
 10709 | D:8      | Identified the cursed +0 ring mail "Koriuvateg" {MR+} (You found it on level 8 of the Dungeon)
 10780 | D:8      | Noticed Psyche
 10797 | D:8      | Killed Psyche
 10797 | D:8      | Reached XP level 10. HP: 73/73 MP: 13/20
 11026 | D:8      | Noticed a two-headed ogre
 11037 | D:8      | Learned a level 4 spell: Petrify
 11058 | D:8      | Killed a two-headed ogre
 11058 | D:8      | Reached skill level 5 in Fighting
 11058 | D:8      | Reached skill level 5 in Short Blades
 11058 | D:8      | Reached skill level 5 in Long Blades
 11058 | D:8      | Reached skill level 5 in Axes
 11058 | D:8      | Reached skill level 5 in Maces & Flails
 11058 | D:8      | Reached skill level 5 in Polearms
 11058 | D:8      | Reached skill level 5 in Staves
 11058 | D:8      | Reached skill level 5 in Slings
 11058 | D:8      | Reached skill level 5 in Bows
 11058 | D:8      | Reached skill level 5 in Crossbows
 11058 | D:8      | Reached skill level 5 in Throwing
 11058 | D:8      | Reached skill level 5 in Armour
 11058 | D:8      | Reached skill level 5 in Dodging
 11058 | D:8      | Reached skill level 5 in Shields
 11058 | D:8      | Reached skill level 5 in Unarmed Combat
 11258 | D:9      | Reached * piety under Sif Muna
 11454 | D:9      | Noticed a red ugly thing
 11480 | D:9      | Killed a red ugly thing
 11732 | D:9      | Reached skill level 5 in Summonings
 12619 | D:9      | Found a snail-covered altar of Cheibriados.
 12817 | D:9      | Reached XP level 11. HP: 76/81 MP: 10/22
 13098 | D:9      | Noticed a two-headed ogre
 13177 | D:9      | Killed a two-headed ogre
 13177 | D:9      | Reached ** piety under Sif Muna
 13630 | D:10     | Entered Level 10 of the Dungeon
 13747 | D:10     | Found a shimmering altar of Xom.
 13748 | D:10     | Found the -1 mace of Variability {chaos}
 14054 | D:9      | Reached skill level 5 in Conjurations
 14054 | D:9      | Reached skill level 5 in Hexes
 14054 | D:9      | Reached skill level 5 in Charms
 14054 | D:9      | Reached skill level 5 in Necromancy
 14054 | D:9      | Reached skill level 5 in Translocations
 14054 | D:9      | Reached skill level 5 in Fire Magic
 14054 | D:9      | Reached skill level 5 in Ice Magic
 14054 | D:9      | Reached skill level 5 in Air Magic
 14054 | D:9      | Reached skill level 5 in Earth Magic
 14731 | D:10     | Found a stormy altar of Qazlal.
 15547 | D:11     | Noticed a two-headed ogre
 15570 | D:11     | Killed a two-headed ogre
 15789 | D:11     | Found a staircase to the Lair.
 16203 | Lair:1   | Entered Level 1 of the Lair of Beasts
 16212 | Lair:1   | Noticed Gigax's ghost (journeyman OpMo)
 16947 | Lair:2   | Noticed a manticore
 17006 | Lair:2   | Killed a manticore
 17006 | Lair:2   | Reached XP level 12. HP: 71/89 MP: 20/24
 17034 | Lair:2   | Found a staircase to the Shoals.
 17145 | Lair:2   | Reached *** piety under Sif Muna
 18217 | Lair:2   | Noticed an eight-headed hydra
 18236 | Lair:2   | Killed an eight-headed hydra
 18357 | Lair:3   | Found a white marble altar of Elyvilon.
 19723 | Lair:4   | Reached **** piety under Sif Muna
 20078 | Lair:4   | Reached XP level 13. HP: 98/98 MP: 22/26
 21289 | Lair:4   | Found a staircase to the Snake Pit.
 22010 | Lair:5   | Found a staircase to the Slime Pits.
 22796 | Lair:5   | Found a shimmering altar of Xom.
 23581 | Lair:6   | Entered Level 6 of the Lair of Beasts
 23592 | Lair:6   | Reached ***** piety under Sif Muna
 23592 | Lair:6   | Identified Ustral's Volume of the Excruciating Escort (Sif Muna gifted it to you on level 6 of the Lair of Beasts)
 23592 | Lair:6   | Received a gift from Sif Muna
 23794 | Lair:6   | Learned a level 4 spell: Summon Lightning Spire
 23922 | Lair:6   | Reached skill level 10 in Spellcasting
 24059 | Lair:5   | Learned a level 5 spell: Summon Mana Viper
 24310 | Lair:6   | Reached XP level 14. HP: 106/106 MP: 25/28
 24968 | Lair:6   | Got a wizard robe
 24988 | Lair:6   | Identified the +2 robe "Ymilulagh" {rElec} (You found it on level 6 of the Lair of Beasts)
 26332 | Lair:6   | Noticed a dire elephant
 26494 | Lair:6   | Noticed a dire elephant
 26523 | Lair:6   | Killed a dire elephant
 26577 | Lair:6   | Killed a dire elephant
 26782 | Lair:6   | Noticed a dire elephant
 26782 | Lair:6   | Noticed a dire elephant
 26816 | Lair:6   | Noticed a dire elephant
 27484 | Lair:1   | Killed Gigax's ghost
 28115 | D:12     | Reached skill level 10 in Invocations
 28236 | D:12     | Found a staircase to the Orcish Mines.
 29140 | Orc:1    | Entered Level 1 of the Orcish Mines
 29140 | Orc:1    | Found a roughly hewn altar of Beogh.
 29863 | Orc:2    | Entered Level 2 of the Orcish Mines
 29923 | Orc:2    | Found a flickering gateway to a bazaar.
 29938 | Bazaar   | Entered a bazaar
 29939 | Bazaar   | Found Dottua's Assorted Antiques.
 29939 | Bazaar   | Found Iticekh's Magic Scroll Shop.
 29940 | Bazaar   | Found Gulalu's Antique Weapon Emporium.
 29947 | Bazaar   | Found Jizxaps's Assorted Antiques.
 30018 | Bazaar   | Bought a scroll of teleportation for 36 gold pieces
 30018 | Bazaar   | Bought a scroll of magic mapping for 42 gold pieces
 30018 | Bazaar   | Bought a scroll of teleportation for 36 gold pieces
 30018 | Bazaar   | Bought a scroll of enchant weapon for 90 gold pieces
 30029 | Bazaar   | Bought a scroll of blinking for 217 gold pieces
 30029 | Bazaar   | Bought a scroll of blinking for 217 gold pieces
 30308 | Orc:2    | Found a staircase to the Elven Halls.
 30551 | Orc:2    | Identified Sif Muna's Disquisition on Hurtful Dark Rituals (Sif Muna gifted it to you on level 2 of the Orcish Mines)
 30551 | Orc:2    | Received a gift from Sif Muna
 30609 | Orc:2    | Learned a level 4 spell: Throw Icicle
 31041 | Orc:2    | Reached XP level 15. HP: 114/114 MP: 21/29
 31433 | Orc:2    | Reached skill level 10 in Evocations
 31588 | Orc:2    | Reached skill level 10 in Stealth
 31825 | Orc:2    | Found Wupsisush's Book Shop.
 31891 | Orc:2    | Found Xish's Assorted Antiques.
 31907 | Orc:2    | Found Pyapriotesk's Antique Armour Emporium.
 31914 | Orc:2    | Found Josol's General Store.
 32404 | D:13     | Noticed Josephine
 32429 | D:13     | Killed Josephine
 33004 | D:13     | Reached skill level 10 in Poison Magic
 33219 | D:13     | Noticed Kirke
 33251 | D:13     | Killed Kirke
 33635 | D:14     | Reached skill level 10 in Fighting
 33635 | D:14     | Reached skill level 10 in Short Blades
 33635 | D:14     | Reached skill level 10 in Long Blades
 33635 | D:14     | Reached skill level 10 in Axes
 33635 | D:14     | Reached skill level 10 in Maces & Flails
 33635 | D:14     | Reached skill level 10 in Polearms
 33635 | D:14     | Reached skill level 10 in Staves
 33635 | D:14     | Reached skill level 10 in Slings
 33635 | D:14     | Reached skill level 10 in Bows
 33635 | D:14     | Reached skill level 10 in Crossbows
 33635 | D:14     | Reached skill level 10 in Throwing
 33635 | D:14     | Reached skill level 10 in Armour
 33635 | D:14     | Reached skill level 10 in Dodging
 33635 | D:14     | Reached skill level 10 in Shields
 33635 | D:14     | Reached skill level 10 in Unarmed Combat
 33670 | D:14     | Found Zecuew's Gadget Shop.
 33707 | D:14     | Noticed Roxanne
 33707 | D:14     | Noticed Frances
 34069 | D:14     | Found a gate to the Vaults.
 34897 | D:14     | Killed Frances
 34980 | D:14     | Killed Roxanne
 34985 | D:14     | Identified Roxanne's Disquisition on Stones (You took it off Roxanne on level 14 of the Dungeon)
 35113 | D:14     | Learned a level 6 spell: Statue Form
 35150 | D:15     | Entered Level 15 of the Dungeon
 35220 | D:15     | Found Keefrefek's General Store.
 35318 | D:15     | Bought a scroll of teleportation for 39 gold pieces
 35318 | D:15     | Bought a scroll of teleportation for 39 gold pieces
 35372 | D:15     | Noticed Nessos
 35381 | D:15     | Killed Nessos
 35548 | D:15     | Found a frozen archway.
 35614 | IceCv    | Entered an ice cave
 35646 | IceCv    | Identified Uneok's Guide on Attacks (Sif Muna gifted it to you in an ice cave)
 35646 | IceCv    | Received a gift from Sif Muna
 36102 | IceCv    | Reached XP level 16. HP: 122/122 MP: 23/31
 37256 | D:15     | Found a staircase to the Depths.
 38205 | Snake:1  | Entered Level 1 of the Snake Pit
 39170 | Snake:1  | Noticed a nagaraja
 39185 | Snake:1  | Killed a nagaraja
 40462 | Snake:2  | Received a gift from Sif Muna
 40462 | Snake:2  | Reached skill level 10 in Transmutations
 40484 | Snake:2  | Identified Sif Muna's Tome of Unholy Secrets (Sif Muna gifted it to you on level 2 of the Snake Pit)
 40484 | Snake:2  | Identified Sif Muna's Tome of Unholy Secrets (Sif Muna gifted it to you on level 2 of the Snake Pit)
 40789 | Snake:3  | Noticed Donald
 40940 | Snake:3  | Noticed Vashnia
 41019 | Snake:3  | Noticed a nagaraja
 41033 | Snake:3  | Killed a nagaraja
 41296 | Snake:3  | Noticed Saint Roka
 41335 | Snake:3  | HP: 3/124 [Saint Roka/divine providence (13)]
 41344 | Snake:3  | Killed Saint Roka
 41472 | Snake:3  | Learned a level 6 spell: Simulacrum
 41998 | Snake:3  | Noticed Aizul
 42007 | Snake:3  | Killed Aizul
 42464 | Snake:3  | Reached XP level 17. HP: 94/131 MP: 31/33
 42487 | Snake:3  | Killed Vashnia
 42838 | Snake:3  | Killed Donald
 43303 | Snake:3  | Noticed Louise
 43318 | Snake:3  | Cast into level 3 of the Abyss (Louise)
 43478 | Abyss:3  | Noticed a tentacled starspawn
 43742 | Snake:3  | Escaped the Abyss
 43769 | Snake:3  | Killed Louise
 43943 | Snake:4  | Entered Level 4 of the Snake Pit
 45270 | Snake:4  | Learned a level 6 spell: Freezing Cloud
 45924 | Snake:4  | Reached skill level 10 in Summonings
 46186 | Snake:4  | HP: 8/170 [sea snake (15)]
 46189 | Snake:4  | Shot with an arrow by a naga sharpshooter

Skill      XL: |  1  2  3  4  5  6  7  8  9 10 11 12 13 14 15 16 17 |
---------------+----------------------------------------------------+-----
Summonings     | 2 3 4 5 6 7 8 9 10 | 10.0
Spellcasting   | 5 6 7 8 9 10 11 12 | 12.3
Invocations    | 1 2 3 4 5 6 7 8 9 10 11 12 | 12.3
Fighting       | 1 2 3 4 5 6 7 8 9 10 11 | 11.4
Short Blades   | 1 2 3 4 5 6 7 8 9 10 11 | 11.4
Long Blades    | 1 2 3 4 5 6 7 8 9 10 11 | 11.4
Axes           | 1 2 3 4 5 6 7 8 9 10 11 | 11.4
Maces & Flails | 1 2 3 4 5 6 7 8 9 10 11 | 11.4
Polearms       | 1 2 3 4 5 6 7 8 9 10 11 | 11.4
Staves         | 1 2 3 4 5 6 7 8 9 10 11 | 11.4
Slings         | 1 2 3 4 5 6 7 8 9 10 11 | 11.7
Bows           | 1 2 3 4 5 6 7 8 9 10 11 | 11.4
Crossbows      | 1 2 3 4 5 6 7 8 9 10 11 | 11.4
Throwing       | 1 2 3 4 5 6 7 8 9 10 11 | 11.4
Armour         | 1 2 3 4 5 6 7 8 9 10 11 | 11.4
Dodging        | 1 2 3 4 5 6 7 8 9 10 11 | 11.4
Shields        | 1 2 3 4 5 6 7 8 9 10 11 | 11.4
Unarmed Combat | 1 2 3 4 5 6 7 8 9 10 11 | 11.4
Conjurations   | 1 2 3 4 5 6 7 8 9 |  9.7
Hexes          | 1 2 3 4 5 6 7 8 9 |  9.7
Charms         | 1 2 3 4 5 6 7 8 9 |  9.7
Necromancy     | 1 2 3 4 5 6 7 8 9 |  9.7
Translocations | 1 2 3 4 5 6 7 8 9 |  9.7
Fire Magic     | 1 2 3 4 5 6 7 8 9 |  9.7
Ice Magic      | 1 2 3 4 5 6 7 8 9 |  9.7
Air Magic      | 1 2 3 4 5 6 7 8 9 |  9.7
Earth Magic    | 1 2 3 4 5 6 7 8 9 |  9.7
Evocations     | 3 4 5 6 7 8 9 10 11 | 11.7
Transmutations | 4 5 6 7 8 9 10 | 10.4
Stealth        | 3 4 5 6 7 8 9 10 11 | 11.6
Poison Magic   | 6 7 8 9 10 11 | 11.0

Action                   |  1- 3 |  4- 6 |  7- 9 | 10-12 | 13-15 | 16-18 || total
-------------------------+-------+-------+-------+-------+-------+-------++-------
Melee: Dagger            |    24 |    58 |    35 |   120 |   277 |   266 ||   780
       Bite              |     3 |     5 |    33 |    61 |   144 |    87 ||   333
       Punch             |       |     1 |     1 |    10 |       |       ||    12
       Trident           |       |       |    38 |   361 |   857 |   326 ||  1582
       Scimitar          |       |       |   127 |    20 |       |       ||   147
       Hunting sling     |       |       |       |     2 |       |       ||     2
       Long sword        |       |       |       |       |    12 |       ||    12
       Morningstar       |       |       |       |       |       |   123 ||   123
 Fire: Hunting sling     |    21 |    50 |    31 |   244 |    37 |       ||   383
Throw: Stone             |       |       |       |     5 |       |       ||     5
       Throwing net      |       |       |       |     1 |     1 |       ||     2
 Cast: Sting             |    33 |     5 |     6 |     4 |       |       ||    48
       Poisonous Vapours |    15 |    58 |    61 |    49 |     2 |       ||   185
       Throw Frost       |       |     9 |    20 |     1 |       |       ||    30
       Mephitic Cloud    |       |     4 |    31 |    36 |    19 |     1 ||    91
       Olgreb's Toxic Ra |       |     1 |       |    16 |    44 |     3 ||    64
       Petrify           |       |       |       |   103 |   198 |    88 ||   389
       Summon Lightning  |       |       |       |       |    61 |    46 ||   107
       Summon Mana Viper |       |       |       |       |    31 |    47 ||    78
       Throw Icicle      |       |       |       |       |    23 |     7 ||    30
       Statue Form       |       |       |       |       |       |    38 ||    38
       Simulacrum        |       |       |       |       |       |     2 ||     2
       Freezing Cloud    |       |       |       |       |       |     5 ||     5
Invok: Divine Energy     |       |       |       |     1 |       |       ||     1
       Channel Magic     |       |       |       |     1 |     1 |     1 ||     3
       Forget Spell      |       |       |       |       |       |     1 ||     1
Evoke: Wand              |       |       |    16 |    13 |     4 |       ||    33
       Lamp of fire      |       |       |       |       |     1 |       ||     1
  Use: Potion            |       |     1 |     1 |     4 |     1 |     5 ||    12
       Scroll            |       |       |    13 |     5 |    19 |    10 ||    47
 Stab: Sleeping          |     2 |     2 |     1 |     2 |    19 |    16 ||    42
       Confused          |       |     2 |     9 |     3 |    10 |       ||    24
       Petrified         |       |       |       |    66 |   179 |    49 ||   294
       Distracted        |       |       |       |     1 |     8 |    10 ||    19
       Petrifying        |       |       |       |     1 |     6 |     3 ||    10
  Eat: Chunk             |     3 |    10 |    21 |    24 |    56 |    20 ||   134
       Ration            |       |       |       |     4 |     2 |    10 ||    16
Armor: Robe              |    16 |     9 |    27 |     9 |       |       ||    61
       Troll leather arm |       |       |       |   159 |   151 |    25 ||   335
       Skin              |       |       |       |       |       |   224 ||   224
Dodge: Dodged            |    20 |    48 |   141 |   491 |   433 |   629 ||  1762
Block: Buckler           |       |       |       |    30 |   450 |   559 ||  1039
       Reflection        |       |       |       |       |    27 |    58 ||    85
       Rpst.: Scimitar   |       |       |    26 |     5 |       |       ||    31
       Long sword        |       |       |       |       |     3 |       ||     3
